 Dungeon Crawl Stone Soup version 0.30-a0-371-gad7725a93e (webtiles) character file.

Game seed: 8292367991430897308

305 Essalna the Firebug (level 6, 0/37 HPs)
             Began as a Tengu Fire Elementalist on Nov 22, 2022.
             Shot with an arrow by a centaur (5 damage)
             ... on level 4 of the Dungeon.
             The game lasted 00:05:41 (3642 turns).

Essalna the Firebug (Tengu Fire Elementalist)       Turns: 3642, Time: 00:05:41

Health: 0/37       AC:  2    Str:  9    XL:     6   Next: 39%
Magic:  10/10      EV: 14    Int: 17    God:
Gold:   170        SH:  0    Dex: 14    Spells: 6/9 levels left

rFire   . . .      SeeInvis +    g - +2 dagger (venom)
rCold   . . .      Faith    .    (no shield)
rNeg    . . .      Spirit   .    a - +0 robe
rPois   .          Reflect  .    (helmet restricted)
rElec   .          Harm     .    (no cloak)
rCorr   .          Rampage  .    (no gloves)
Will    .....                    (boots unavailable)
Stlth   ++........               (no amulet)
HPRegen 0.26/turn                o - ring of see invisible
MPRegen 0.12/turn                (no ring)

@: flying quickly and evasively, quick
A: beak, talons 3, nimble flight
a: no special abilities


You were on level 4 of the Dungeon.
You visited 1 branch of the dungeon, and saw 4 of its levels.

You collected 170 gold pieces.

Inventory:

Hand Weapons
 d - a +0 dagger
 f - a +2 vorpal mace
 g - a +2 dagger of venom (weapon)
Armour
 a - a +0 robe (worn)
Magical Staves
 p - a staff of cold
Jewellery
 o - a ring of see invisible (left hand)
Wands
 s - a wand of acid (9)
Scrolls
 c - 6 scrolls of teleportation
 h - a scroll of fear {unknown}
 k - a scroll of identify {unknown}
 l - 2 scrolls of silence {unknown}
 n - 2 scrolls of blinking {unknown}
 r - 2 scrolls of enchant weapon {unknown}
 t - a scroll of vulnerability {unknown}
 v - a scroll of fog {unknown}
Potions
 b - a potion of magic
 e - 5 potions of heal wounds {unknown}
 i - a potion of curing {unknown}
 j - a potion of attraction {unknown}
 m - 2 potions of brilliance {unknown}
 q - 2 potions of lignification {unknown}
 u - a potion of haste {unknown}


   Skills:
 + Level 3.3 Fighting
 - Level 2.1 Dodging
 - Level 2.0 Stealth
 - Level 2.0 Spellcasting
 + Level 4.7 Conjurations
 + Level 5.1 Fire Magic


You had 6 spell levels left.
You knew the following spells:

 Your Spells              Type           Power      Damage    Failure   Level
a - Foxfire               Conj/Fire      72%        2x1d7     2%          1
b - Scorch                Fire           38%        2d6       3%          2

Your spell library contained the following spells:

 Spells                   Type           Power      Damage    Failure   Level
 Inner Flame              Hex/Fire       10%        N/A       21%         3
 Flame Wave               Conj/Fire      18%        2d7       26%         4
 Kindle Blastsparks       Fire/Tloc/Air  14%        2d11      28%         3
 Cause Fear               Hex            0%         N/A       88%         4
 Discord                  Hex            0%         N/A       100%        8


Dungeon Overview and Level Annotations

Branches:
Dungeon (4/15)
 Temple: D:4-7

Altars:

Shops:
D:3 [


Innate Abilities, Weirdness & Mutations

You have a beak for a mouth.
You have claws for feet.
Your magical nature lets you fly swiftly and evasively.


Message History

The mummy is lightly damaged.
There is not enough space to conjure foxfire!
You hit the mummy.
The mummy is moderately damaged.
The foxfire hits the mummy.
The mummy is burned terribly!
The mummy is heavily damaged.
The foxfire hits the mummy.
The mummy is burned terribly!
The mummy is heavily damaged.
The foxfire hits the mummy but does no damage.
The mummy is heavily damaged.
You hit the mummy but do no damage. You peck the mummy, but do no damage.
The mummy is heavily damaged.
The mummy hits you!
You hit the mummy. You claw the mummy, but do no damage.
The mummy is severely damaged.
The mummy barely misses you.
You hit the mummy. You claw the mummy.
You destroy the mummy!
e - 5 viscous clear potions (gained 1)
v - a scroll labelled TEUN OMORPHAEL
There is an open door here.
Key pressed, stopping explore.
Found an escape hatch in the ceiling.
An endoplasm comes into view.
A centaur comes into view.
Found a stone staircase leading up.
There is an escape hatch in the ceiling here.
The centaur shouts!
The endoplasm quivers.
The centaur wields a +0 shortbow.
The centaur shoots an arrow.
The arrow hits you!
The centaur shoots an arrow.
The arrow hits you!
You are too injured to fight recklessly!
You are too injured to fight recklessly!
You are too injured to fight recklessly!
The orc shouts!
The centaur shoots an arrow.
The arrow hits you!
* * * LOW HITPOINT WARNING * * *
There is an escape hatch in the ceiling here.
The centaur shoots an arrow.
The arrow hits you.
You die...

#. ###.# #.....#.# .##.
..#.# #.....#.#
...#.#.#.# #.....#+#
...#.#.# #........
.c..#.# #........ #..#.#
#........ .####..#.###
####..... ...........##
#..'.....
######.#@#..#####.##.....
#...##.......##.....
..'....######..##.....
####..J## #..##.....
..... #..##..... ...o..
#..##..... .......
#...#..... ###..r...
##........ #........


You could see a centaur, an orc, an endoplasm and a quokka (wandering).

Vanquished Creatures
  A scorpion (D:4)
  A hound (D:4)
  Crazy Yiuf (D:3)
  An orc wizard (D:3)
  A mummy (D:4)
  4 adders
  A worm (D:3)
  2 dart slugs
  9 orcs
  7 endoplasms
  6 giant cockroaches
  14 goblins
  4 hobgoblins
  3 jackals (D:3)
  4 quokkas
  8 ball pythons
  8 bats
  6 frilled lizards
  2 hobgoblin zombies (D:4)
  8 kobolds
  2 kobold zombies (D:4)
  9 rats
102 creatures vanquished.

Vanquished Creatures (others)
  295 foxfires
295 creatures vanquished.

Grand Total: 397 creatures vanquished

Notes
Turn   | Place    | Note
-------+----------+-------------------------------------------
     0 | D:1      | Essalna the Tengu Fire Elementalist began the quest for the
                  | Orb.
     0 | D:1      | Reached XP level 1. HP: 10/10 MP: 4/4
   165 | D:1      | Reached XP level 2. HP: 16/16 MP: 6/6
   230 | D:1      | Reached skill level 1 in Fighting
   522 | D:1      | Reached XP level 3. HP: 20/20 MP: 4/7
  1472 | D:2      | Reached skill level 4 in Fire Magic
  1472 | D:2      | Reached XP level 4. HP: 26/26 MP: 3/8
  1861 | D:3      | Gained mutation: Your magical nature lets you fly swiftly
                  | and evasively. [Tengu growth]
  1861 | D:3      | Reached XP level 5. HP: 23/31 MP: 4/9
  2266 | D:3      | Found Worgh's Armour Boutique.
  2546 | D:3      | Found a runed translucent door.
  2550 | D:3      | Learned a level 2 spell: Scorch
  2550 | D:3      | Noticed Crazy Yiuf
  2556 | D:3      | Killed Crazy Yiuf
  3169 | D:4      | Reached XP level 6. HP: 37/37 MP: 5/10
  3401 | D:4      | Reached skill level 5 in Fire Magic
  3642 | D:4      | Shot with an arrow by a centaur

Illustrated notes

Levels and vault maps discovered:
D:1:      lightli_arrival_chessboard, layout_loops_ring
D:2:      layout_basic
D:3:      layout_rooms, serial_shops, nicolae_square_shop, dk_noncrumbling_4,
          minmay_fractal_squares_gapless_5, uniq_crazy_yiuf_cottage
D:4:      layout_basic, nicolae_dithmenos_through_a_glass_darkly,
          grunt_temple_overflow_open, eino_small_chamber_without_monster,
          minmay_mini_ossuary

Skill      XL: |  1  2  3  4  5  6 |
---------------+-------------------+-----
Conjurations   | 2 3 4 |  4.7
Fighting       | 1 2 3 |  3.3
Fire Magic     | 4 5 |  5.1
Dodging        | |  2.1
Stealth        | |  2.0
Spellcasting   | |  2.0

Action                   |  1- 3 |  4- 6 || total
-------------------------+-------+-------++-------
Melee: Mace              |    10 |       ||    10
       Unarmed           |     3 |       ||     3
       Kick              |     7 |    10 ||    17
       Dagger            |    16 |    41 ||    57
       Peck              |     4 |     6 ||    10
 Cast: Foxfire           |    65 |   103 ||   168
       Scorch            |       |     2 ||     2
  Use: Scroll            |     2 |       ||     2
 Stab: Sleeping          |     6 |     2 ||     8
Armor: Robe              |     7 |     2 ||     9
Dodge: Dodged            |    20 |    31 ||    51

Table legend: (Time is in decaauts)
 A = Elapsed time spent in this place.
 B = Non-inter-level travel time spent in this place.
 C = Inter-level travel time spent in this place.
 D = Time resting spent in this place.
 E = Time spent auto-exploring this place.
 F = Levels seen in this place.
 G = Mean time per level.
                   A        B        C        D        E       F      G
               +--------+--------+--------+--------+--------+-----+--------+
         Total |   3556 |   3495 |     61 |      0 |   2987 |   4 |  889.0 |
       Dungeon |   3556 |   3495 |     61 |      0 |   2987 |   4 |  889.0 |
               +--------+--------+--------+--------+--------+-----+--------+

Top non-repeatable levels by time:
     D:3: 1164 daAuts
     D:1: 1048 daAuts
     D:4: 751 daAuts
     D:2: 591 daAuts
